[Event "DVM U12 2019"]
[Site "Magedburg"]
[Date "2019.12.28"]
[Round "4"]
[White "Nitsche, Nikolai"]
[Black "Fuhrmann, Bahne"]
[Result "1/2-1/2"]
[ECO "A45"]
[WhiteElo "1808"]
[BlackElo "1603"]
[Annotator "NA"]
[PlyCount "77"]
[EventDate "2019.12.27"]
[EventType "team-tourn"]
[EventRounds "7"]
[EventCountry "GER"]
[SourceTitle "playchess.com"]
[Source "ChessBase"]
[SourceQuality "1"]
[WhiteTeam "SV Empor Berlin"]
[BlackTeam "Hamburger SK"]
[WhiteTeamCountry "GER"]
[BlackTeamCountry "GER"]
[TimeControl "40/5400+30:1800+30"]

1. d4 Nf6 2. Bf4 d5 3. e3 e6 4. c4 c5 5. Nf3 Bd6 6. Bg3 cxd4 7. Nxd4 Bb4+ 8. Nc3 Qa5 9. Ndb5 Na6 10. a3 Bxc3+ 11. Nxc3 Ne4 12. Be5 f6 13. b4 Nxc3 14. Bxc3 Qd8 15. cxd5 Qxd5 16. Qxd5 exd5 17. O-O-O Nc7 18. Be2 Bf5 19. Kb2 O-O 20. Bf3 Rfd8 21. Rd2 Rd7 22. Rhd1 Rad8 23. a4 Be6 24. b5 b6 25. Ka3 Rc8 26. Bb4 a5 27. bxa6 Nxa6 28. Bxd5 Bxd5 29. Rxd5 Rxd5 30. Rxd5 Rc2 31. Rd6 Nxb4 32. Kxb4 Rxf2 33. Rxb6 Rb2+ 34. Kc5 Ra2 35. Kb5 Rb2+ 36. Kc5 Ra2 37. Kb5 Rb2+ 38. Kc5 Ra2 39. Ra6 {normal} 1/2-1/2

[Event "DVM U12 2019"]
[Site "Magedburg"]
[Date "2019.12.28"]
[Round "4"]
[White "Kageler, Anton Paul"]
[Black "Kempe, Caius Emilian"]
[Result "1/2-1/2"]
[ECO "B35"]
[WhiteElo "1777"]
[BlackElo "1832"]
[Annotator "NA"]
[PlyCount "89"]
[EventDate "2019.12.27"]
[EventType "team-tourn"]
[EventRounds "7"]
[EventCountry "GER"]
[SourceTitle "playchess.com"]
[Source "ChessBase"]
[SourceQuality "1"]
[WhiteTeam "SV Roter Turm Halle"]
[BlackTeam "USV TU Dresden"]
[WhiteTeamCountry "GER"]
[BlackTeamCountry "GER"]
[TimeControl "40/5400+30:1800+30"]

1. e4 c5 2. Nf3 g6 3. d4 cxd4 4. Nxd4 Nc6 5. Nc3 Bg7 6. Be3 Nf6 7. Bc4 O-O 8. Bb3 Re8 9. f3 e6 10. f4 a6 11. Qf3 d5 12. e5 Nd7 13. O-O Na5 14. Rad1 Nb6 15. Na4 Nxa4 16. Bxa4 b5 17. Bb3 Bb7 18. Kh1 Qe7 19. c3 Rac8 20. Rc1 Red8 21. Qe2 Rc7 22. Rc2 Nxb3 23. axb3 Rdc8 24. b4 Bf8 25. Qg4 Bg7 26. Rcc1 Ra8 27. Ra1 Qe8 28. Rf3 Qe7 29. Bf2 h5 30. Qh3 Kh7 31. g4 Rh8 32. Rg1 Kg8 33. gxh5 Rxh5 34. Qg4 Bc8 35. Rh3 Rxh3 36. Qxh3 Qe8 37. Qg4 f6 38. Qxg6 Qxg6 39. Rxg6 Kf7 40. Rg3 fxe5 41. fxe5 Bxe5 42. Rf3+ Ke7 43. Bg3 Bxg3 44. hxg3 e5 45. Re3 {[%emt 0:00:56] normal} 1/2-1/2

[Event "DVM U12 2019"]
[Site "Magedburg"]
[Date "2019.12.28"]
[Round "4"]
[White "Bock, Marlon"]
[Black "von Mettenheim, Johannes"]
[Result "0-1"]
[ECO "B12"]
[WhiteElo "1708"]
[BlackElo "1971"]
[Annotator "NA"]
[PlyCount "48"]
[EventDate "2019.12.27"]
[EventType "team-tourn"]
[EventRounds "7"]
[EventCountry "GER"]
[SourceTitle "playchess.com"]
[Source "ChessBase"]
[SourceQuality "1"]
[WhiteTeam "SSV Vimaria 91 Weimar"]
[BlackTeam "Schachzentrum Bemerode"]
[BlackTeamCountry "GER"]
[TimeControl "40/5400+30:1800+30"]

1. e4 c6 2. d4 d5 3. e5 c5 4. dxc5 Nc6 5. f4 e6 6. Be3 d4 7. Bf2 Bxc5 8. a3 f6 9. Bd3 g6 10. Nf3 fxe5 11. fxe5 Nh6 12. Bh4 Qc7 13. Qe2 Ng4 14. Bg3 Bf8 15. Nxd4 Nxd4 16. Qxg4 Nxc2+ 17. Bxc2 Qxc2 18. O-O Bc5+ 19. Bf2 O-O 20. Bd4 Rxf1+ 21. Kxf1 Qd3+ 22. Ke1 Qxd4 23. Qg5 Qxb2 24. Qd8+ Bf8 {[%emt 0:00:06] normal} 0-1

[Event "DVM U12 2019"]
[Site "Magedburg"]
[Date "2019.12.28"]
[Round "4"]
[White "Krüger, Arthur"]
[Black "Freude, Max"]
[Result "0-1"]
[ECO "A45"]
[WhiteElo "1693"]
[BlackElo "1809"]
[Annotator "NA"]
[PlyCount "32"]
[EventDate "2019.12.27"]
[EventType "team-tourn"]
[EventRounds "7"]
[EventCountry "GER"]
[SourceTitle "playchess.com"]
[Source "ChessBase"]
[SourceQuality "1"]
[WhiteTeam "Hamburger SK"]
[BlackTeam "SV Empor Berlin"]
[BlackTeamCountry "GER"]
[TimeControl "40/5400+30:1800+30"]

1. d4 Nf6 2. Bf4 d5 3. e3 c5 4. c3 Nc6 5. Nd2 Bf5 6. Ngf3 e6 7. Be2 Bd6 8. Bg3 O-O 9. Ne5 Rc8 10. f4 a6 11. Bh4 cxd4 12. exd4 Be7 13. g4 Nxe5 14. fxe5 Nxg4 15. Bxg4 Bxh4+ 16. Kf1 f6 {[%emt 0:03:21] normal} 0-1

[Event "DVM U12 2019"]
[Site "Magedburg"]
[Date "2019.12.28"]
[Round "4"]
[White "Tietz, Bennit"]
[Black "Freude, Paul"]
[Result "1-0"]
[ECO "B52"]
[WhiteElo "1637"]
[BlackElo "1491"]
[Annotator "NA"]
[PlyCount "71"]
[EventDate "2019.12.27"]
[EventType "team-tourn"]
[EventRounds "7"]
[EventCountry "GER"]
[SourceTitle "playchess.com"]
[Source "ChessBase"]
[SourceQuality "1"]
[WhiteTeam "Hamburger SK"]
[BlackTeam "SV Empor Berlin"]
[WhiteTeamCountry "GER"]
[BlackTeamCountry "GER"]
[TimeControl "40/5400+30:1800+30"]

1. e4 c5 2. Nf3 d6 3. Bb5+ Bd7 4. Bxd7+ Nxd7 5. O-O Ngf6 6. Re1 e6 7. c3 Be7 8. d4 O-O 9. Nbd2 Rc8 10. Nf1 a6 11. Ng3 b5 12. d5 e5 13. Nf5 Re8 14. Nxe7+ Rxe7 15. Nh4 g6 16. Bh6 Re8 17. Qd2 Kh8 18. Nf3 c4 19. Ng5 Kg8 20. Qe3 Qb6 21. Qf3 Qd8 22. Qe3 Qb6 23. Qf3 Qd8 24. Nh3 a5 25. a3 Rb8 26. Bg5 Kg7 27. Bh4 Qe7 28. Qe3 Nc5 29. f4 exf4 30. Nxf4 Ncxe4 31. Qf3 Qa7+ 32. Kh1 Nd2 33. Bxf6+ Kxf6 34. Nh5+ Kg5 35. h4+ Kh6 36. Qf4+ {[%emt 0:00:23] normal} 1-0

[Event "DVM U12 2019"]
[Site "Magedburg"]
[Date "2019.12.28"]
[Round "4"]
[White "Espig, Nils"]
[Black "Rumpold, Jaron"]
[Result "1-0"]
[ECO "B56"]
[WhiteElo "1596"]
[BlackElo "1123"]
[Annotator "NA"]
[PlyCount "91"]
[EventDate "2019.12.27"]
[EventType "team-tourn"]
[EventRounds "7"]
[EventCountry "GER"]
[SourceTitle "playchess.com"]
[Source "ChessBase"]
[SourceQuality "1"]
[WhiteTeam "USV TU Dresden"]
[BlackTeam "SV Roter Turm Halle"]
[WhiteTeamCountry "GER"]
[BlackTeamCountry "GER"]
[TimeControl "40/5400+30:1800+30"]

1. e4 c5 2. Nf3 d6 3. d4 cxd4 4. Nxd4 Nf6 5. Nc3 Nc6 6. f3 e5 7. Nb3 Be7 8. Be3 O-O 9. Qd2 Be6 10. h4 d5 11. exd5 Nxd5 12. Nxd5 Bxd5 13. O-O-O Be6 14. g3 Qxd2+ 15. Rxd2 a5 16. Kb1 Rfd8 17. Rxd8+ Rxd8 18. Be2 Rb8 19. Bb6 a4 20. Nc5 Bxc5 21. Bxc5 b5 22. Rd1 Na5 23. Bxb5 g6 24. Bxa4 Rc8 25. Bf2 Bf5 26. g4 Be6 27. Bb3 Nxb3 28. axb3 f5 29. Re1 fxg4 30. fxg4 Bxg4 31. Rxe5 Bf5 32. Rc5 Re8 33. Kc1 Re2 34. Bg3 Rg2 35. Bf4 Rg1+ 36. Kd2 Rg2+ 37. Ke3 Bxc2 38. Kf3 Be4+ 39. Kxe4 Rxb2 40. Rc8+ Kf7 41. Rb8 Re2+ 42. Kd3 Re8 43. Rxe8 Kxe8 44. Ke4 Ke7 45. Ke5 Kf7 46. b4 {[%emt 0:00:12] normal} 1-0

[Event "DVM U12 2019"]
[Site "Magedburg"]
[Date "2019.12.28"]
[Round "4"]
[White "Rehbein, Vitus"]
[Black "Krömer, Emanuel"]
[Result "1/2-1/2"]
[ECO "B01"]
[WhiteElo "1547"]
[BlackElo "1459"]
[Annotator "NA"]
[PlyCount "71"]
[EventDate "2019.12.27"]
[EventType "team-tourn"]
[EventRounds "7"]
[EventCountry "GER"]
[SourceTitle "playchess.com"]
[Source "ChessBase"]
[SourceQuality "1"]
[WhiteTeam "Schachzentrum Bemerode"]
[BlackTeam "SSV Vimaria 91 Weimar"]
[WhiteTeamCountry "GER"]
[TimeControl "40/5400+30:1800+30"]

1. e4 d5 2. Nc3 d4 3. Nce2 e5 4. Ng3 Nf6 5. Bc4 Nc6 6. d3 Qd6 7. a3 a6 8. h3 b5 9. Bb3 Be7 10. N1e2 Nb8 11. f4 Nbd7 12. Nf5 Qb6 13. Nxg7+ Kd8 14. Nf5 Ke8 15. fxe5 Nxe5 16. Nfxd4 c5 17. Nf3 Nxf3+ 18. gxf3 Rg8 19. Be3 Qc6 20. c4 Bf5 21. Nf4 Nxe4 22. cxb5 Bh4+ 23. Ke2 Ng3+ 24. Kd2 Qf6 25. Qc2 Nxh1 26. Rxh1 Rd8 27. bxa6 Qxa6 28. Ba4+ Bd7 29. Bxd7+ Rxd7 30. Qxc5 Rg2+ 31. Nxg2 Qxd3+ 32. Kc1 Bd8 33. Qe5+ Be7 34. Qh8+ Bf8 35. Qe5+ Be7 36. Qh8+ {normal} 1/2-1/2

[Event "DVM U12 2019"]
[Site "Magedburg"]
[Date "2019.12.28"]
[Round "4"]
[White "Fruth, David"]
[Black "Spinka, Georg Kamil"]
[Result "1/2-1/2"]
[ECO "B54"]
[WhiteElo "1473"]
[BlackElo "1338"]
[Annotator "NA"]
[PlyCount "67"]
[EventDate "2019.12.27"]
[EventType "team-tourn"]
[EventRounds "7"]
[EventCountry "GER"]
[SourceTitle "playchess.com"]
[Source "ChessBase"]
[SourceQuality "1"]
[WhiteTeam "USV TU Dresden"]
[BlackTeam "SV Roter Turm Halle"]
[WhiteTeamCountry "GER"]
[TimeControl "40/5400+30:1800+30"]

1. e4 c5 2. Nf3 d6 3. d4 cxd4 4. Nxd4 Nf6 5. f3 g6 6. c4 Bg7 7. Nc3 O-O 8. Be2 Nc6 9. Nxc6 bxc6 10. O-O Bd7 11. Qd3 Re8 12. Rd1 Qc7 13. Bg5 Rad8 14. Rd2 Be6 15. Rad1 Rd7 16. f4 Bg4 17. Bxg4 Nxg4 18. h3 Nf6 19. Bxf6 Bxf6 20. e5 Bg7 21. Qe3 Red8 22. e6 fxe6 23. Qxe6+ Kf8 24. Ne4 h6 25. Kh1 d5 26. Qxg6 dxe4 27. Qf5+ Ke8 28. Qh5+ Kf8 29. Qf5+ Ke8 30. Qh7 Kf7 31. Qf5+ Ke8 32. Rxd7 Rxd7 33. Qg6+ Kf8 34. Qf5+ {[%emt 0:01:25] normal} 1/2-1/2

[Event "DVM U12 2019"]
[Site "Magedburg"]
[Date "2019.12.28"]
[Round "4"]
[White "Adelmeyer, Nelly"]
[Black "Richter, Nicholas"]
[Result "1-0"]
[ECO "A46"]
[WhiteElo "1453"]
[BlackElo "1448"]
[Annotator "NA"]
[PlyCount "90"]
[EventDate "2019.12.27"]
[EventType "team-tourn"]
[EventRounds "7"]
[EventCountry "GER"]
[SourceTitle "playchess.com"]
[Source "ChessBase"]
[SourceQuality "1"]
[WhiteTeam "SV Roter Turm Halle"]
[BlackTeam "USV TU Dresden"]
[WhiteTeamCountry "GER"]
[BlackTeamCountry "GER"]
[TimeControl "40/5400+30:1800+30"]

1. d4 Nf6 2. Nf3 c5 3. e3 d5 4. Bd3 Nc6 5. a3 cxd4 6. exd4 Bg4 7. Be3 e6 8. Nbd2 Bd6 9. O-O Qc7 10. h3 Bh5 11. Rc1 O-O 12. c4 dxc4 13. Rxc4 Nd5 14. Qc2 Bg6 15. Bxg6 hxg6 16. Re1 Qe7 17. Qe4 Rfd8 18. Bg5 f6 19. Qxg6 Nc7 20. Be3 Qf7 21. Qxf7+ Kxf7 22. Ne4 Rd7 23. Nxd6+ Rxd6 24. Bf4 Rd7 25. Bxc7 Rxc7 26. Rec1 Rd7 27. b4 Rad8 28. Rd1 e5 29. b5 Nxd4 30. Nxd4 exd4 31. Kf1 Ke6 32. Ke2 Ke5 33. Kf3 Ke6 34. g4 Ke5 35. h4 g6 36. a4 Rd6 37. Rc7 R6d7 38. Rc4 Rd6 39. Rc5+ Rd5 40. Rc7 R5d7 41. Rc4 Rd6 42. Rc5+ Rd5 43. Re1+ Kd6 44. Rxd5+ Kxd5 45. Re7 d3 {[%emt 0:00:35] normal} 1-0

[Event "DVM U12 2019"]
[Site "Magedburg"]
[Date "2019.12.28"]
[Round "4"]
[White "Bangiev, Anton"]
[Black "Stadelmann, Constantin"]
[Result "1-0"]
[ECO "B01"]
[WhiteElo "1431"]
[BlackElo "1295"]
[Annotator "NA"]
[PlyCount "49"]
[EventDate "2019.12.27"]
[EventType "team-tourn"]
[EventRounds "7"]
[EventCountry "GER"]
[SourceTitle "playchess.com"]
[Source "ChessBase"]
[SourceQuality "1"]
[WhiteTeam "Schachzentrum Bemerode"]
[BlackTeam "SSV Vimaria 91 Weimar"]
[WhiteTeamCountry "GER"]
[TimeControl "40/5400+30:1800+30"]

1. e4 d5 2. exd5 Qxd5 3. Nc3 Qa5 4. d3 Nf6 5. Bf4 Bf5 6. Nf3 Nc6 7. g3 e6 8. Bg2 Bc5 9. O-O O-O 10. Re1 Rad8 11. Qd2 Rfe8 12. a3 Bd4 13. Rab1 e5 14. Bg5 e4 15. dxe4 Bxe4 16. Nxe4 Qf5 17. Nxf6+ Bxf6 18. Bxf6 gxf6 19. Rxe8+ Rxe8 20. Rc1 Re6 21. c3 Rd6 22. Qe3 Kg7 23. Nh4 Qb5 24. b4 Qa4 25. Nf5+ {[%emt 0:00:39] normal} 1-0

[Event "DVM U12 2019"]
[Site "Magedburg"]
[Date "2019.12.28"]
[Round "4"]
[White "Monninkhoff, Yari"]
[Black "Malchereck, Zion"]
[Result "0-1"]
[ECO "B21"]
[WhiteElo "1272"]
[BlackElo "1543"]
[Annotator "NA"]
[PlyCount "64"]
[EventDate "2019.12.27"]
[EventType "team-tourn"]
[EventRounds "7"]
[EventCountry "GER"]
[SourceTitle "playchess.com"]
[Source "ChessBase"]
[SourceQuality "1"]
[WhiteTeam "SV Empor Berlin"]
[BlackTeam "Hamburger SK"]
[WhiteTeamCountry "GER"]
[BlackTeamCountry "GER"]
[TimeControl "40/5400+30:1800+30"]

1. e4 c5 2. d4 cxd4 3. c3 Nf6 4. e5 Nd5 5. Nf3 e6 6. cxd4 Nc6 7. a3 d6 8. Bd3 Be7 9. O-O O-O 10. Qe2 Bd7 11. Rd1 Rc8 12. Bd2 Na5 13. Bxa5 Qxa5 14. Qe4 f5 15. exf6 Nxf6 16. Qe2 Qb6 17. Ng5 e5 18. dxe5 dxe5 19. Bc4+ Kh8 20. Nf7+ Rxf7 21. Bxf7 Bg4 22. Qe1 Bxd1 23. Qxd1 Ne4 24. Qe1 Nxf2 25. Kf1 Nd3 26. Qd2 Qf6+ 27. Ke2 Nf4+ 28. Ke3 Qxf7 29. Nc3 Bc5+ 30. Ke4 {[%emt 0:00:41] normal} Rf8 31. g4 Qc4+ {[%emt 0:01:03] normal} 32. Kxe5 Qe6# 0-1

[Event "DVM U12 2019"]
[Site "Magedburg"]
[Date "2019.12.28"]
[Round "4"]
[White "Bock, Leonas"]
[Black "Struebel, Tobias"]
[Result "1-0"]
[ECO "A01"]
[WhiteElo "1226"]
[BlackElo "1379"]
[Annotator "NA"]
[PlyCount "63"]
[EventDate "2019.12.27"]
[EventType "team-tourn"]
[EventRounds "7"]
[EventCountry "GER"]
[SourceTitle "playchess.com"]
[Source "ChessBase"]
[SourceQuality "1"]
[WhiteTeam "SSV Vimaria 91 Weimar"]
[BlackTeam "Schachzentrum Bemerode"]
[BlackTeamCountry "GER"]
[TimeControl "40/5400+30:1800+30"]

1. b3 e5 2. Bb2 Nc6 3. e3 a6 4. Nf3 d6 5. h3 Be6 6. Be2 f6 7. d3 Qd7 8. Nbd2 O-O-O 9. c4 d5 10. Qc2 dxc4 11. dxc4 Bf5 12. e4 Be6 13. O-O Bb4 14. Rfd1 Qf7 15. a3 Bxd2 16. Rxd2 Rxd2 17. Qxd2 Qg6 18. Kh2 Qxe4 19. Bd3 Qf4+ 20. Qxf4 exf4 21. Re1 Bf7 22. Ng5 Bg6 23. Bxg6 hxg6 24. Nf7 Rh7 25. Re8+ Kd7 26. Rxg8 Ke7 27. Rh8 Rxh8 28. Nxh8 g5 29. h4 Kf8 30. hxg5 Kg8 31. gxf6 Kxh8 32. f7 {[%emt 0:00:11] normal} 1-0

[Event "DVM U12 2019"]
[Site "Magedburg"]
[Date "2019.12.29"]
[Round "5"]
[White "Jones, Richard S."]
[Black "Fruth, David"]
[Result "0-1"]
[ECO "C42"]
[WhiteElo "2394"]
[BlackElo "1473"]
[Annotator "ChessBase"]
[PlyCount "86"]
[EventDate "2019.12.27"]
[EventType "team-tourn"]
[EventRounds "7"]
[EventCountry "GER"]
[SourceTitle "playchess.com"]
[Source "ChessBase"]
[SourceQuality "1"]
[WhiteTeam "SV Multatuli Ingelheim"]
[BlackTeam "USV TU Dresden"]
[WhiteTeamCountry "WLS"]
[BlackTeamCountry "GER"]
[TimeControl "40/5400+30:1800+30"]

1. e4 e5 2. Nf3 Nf6 3. Nc3 Bb4 4. a3 Bxc3 5. dxc3 O-O 6. Bg5 c6 7. Be2 d6 8. O-O h6 9. Bh4 Qe7 10. Re1 g5 11. Bg3 Nxe4 12. Bd3 Nxg3 13. hxg3 Bg4 14. Be2 d5 15. Nxe5 Bxe2 16. Rxe2 Re8 17. Re1 Na6 18. Ng4 Qxe1+ 19. Qxe1 Rxe1+ 20. Rxe1 Kg7 21. Re7 Nc5 22. f3 h5 23. Nf2 Kf6 24. Rc7 Rb8 25. Nd3 Na6 26. Rd7 Ke6 27. Ne5 Kxe5 28. Rxf7 Nc5 29. Re7+ Kf6 30. Re3 Kf7 31. Kf2 Re8 32. Rxe8 Kxe8 33. Ke3 Ke7 34. Kd4 Kd6 35. c4 Ne6+ 36. Kd3 h4 37. cxd5 cxd5 38. gxh4 Nf4+ 39. Kd4 gxh4 40. Ke3 Nxg2+ 41. Kf2 h3 42. Kg3 Nf4 43. Kh2 Kc5 {normal} 0-1

[Event "DVM U12 2019"]
[Site "Magedburg"]
[Date "2019.12.29"]
[Round "5"]
[White "Kempe, Caius Emilian"]
[Black "Colditz, Elias"]
[Result "1/2-1/2"]
[ECO "E20"]
[WhiteElo "1832"]
[BlackElo "1708"]
[Annotator "NA"]
[PlyCount "53"]
[EventDate "2019.12.27"]
[EventType "team-tourn"]
[EventRounds "7"]
[EventCountry "GER"]
[SourceTitle "playchess.com"]
[Source "ChessBase"]
[SourceQuality "1"]
[WhiteTeam "USV TU Dresden"]
[BlackTeam "SV Multatuli Ingelheim"]
[WhiteTeamCountry "GER"]
[TimeControl "40/5400+30:1800+30"]

1. d4 Nf6 2. c4 e6 3. Nc3 Bb4 4. f3 O-O 5. a3 Bxc3+ 6. bxc3 d5 7. e3 b6 8. cxd5 exd5 9. Bd3 Bb7 10. Ne2 Nbd7 11. Kf2 Re8 12. h4 h5 13. Nf4 Nf8 14. Ra2 Ne6 15. Ne2 c5 16. Ng3 g6 17. Re2 c4 18. Bb1 Qd6 19. Qd2 Ng7 20. Ree1 Re7 21. Nf1 Rae8 22. Qd1 Bc8 23. Ng3 Bb7 24. Bc2 Bc6 25. Bb1 Bb7 26. Bc2 Bc6 27. Bb1 {normal} 1/2-1/2

[Event "DVM U12 2019"]
[Site "Magedburg"]
[Date "2019.12.29"]
[Round "5"]
[White "Freude, Max"]
[Black "Tomasjan, Samuel"]
[Result "1/2-1/2"]
[ECO "C10"]
[WhiteElo "1809"]
[BlackElo "1662"]
[Annotator "NA"]
[PlyCount "93"]
[EventDate "2019.12.27"]
[EventType "team-tourn"]
[EventRounds "7"]
[EventCountry "GER"]
[SourceTitle "playchess.com"]
[Source "ChessBase"]
[SourceQuality "1"]
[WhiteTeam "SV Empor Berlin"]
[BlackTeam "SF Brackel"]
[WhiteTeamCountry "GER"]
[BlackTeamCountry "GER"]
[TimeControl "40/5400+30:1800+30"]

1. e4 e6 2. d4 d5 3. Nd2 dxe4 4. Nxe4 Nd7 5. Nf3 Ngf6 6. Nxf6+ Nxf6 7. Bg5 Be7 8. Bd3 h6 9. Bh4 O-O 10. Qe2 a5 11. c3 c6 12. O-O Nd5 13. Bxe7 Qxe7 14. g3 b5 15. Ne5 Qd6 16. Rfe1 f6 17. Ng6 Re8 18. Qe4 f5 19. Qe5 Qxe5 20. Nxe5 Bb7 21. Nd7 Rad8 22. Nc5 Bc8 23. Rad1 b4 24. c4 Nb6 25. Bf1 Rd6 26. Ne4 Rdd8 27. c5 Na4 28. Nd6 Nxb2 29. Rb1 Rxd6 30. cxd6 Na4 31. a3 bxa3 32. Ra1 Rd8 33. Rxa3 Nb6 34. Rb1 Nd5 35. Rb8 Rf8 36. Rxa5 Bd7 37. Rxf8+ Kxf8 38. Kg2 Nb6 39. Ra7 Ke8 40. Kf3 Nc8 41. Ra8 Kf7 42. Ke3 Nxd6 43. Bg2 Nb5 44. Ra6 Nc3 45. Bxc6 Bxc6 46. Rxc6 Nd5+ 47. Kf3 {[%emt 0:00:00] normal} 1/2-1/2

[Event "DVM U12 2019"]
[Site "Magedburg"]
[Date "2019.12.29"]
[Round "5"]
[White "Bungarten, Jona"]
[Black "Nitsche, Nikolai"]
[Result "1-0"]
[ECO "C05"]
[WhiteElo "1750"]
[BlackElo "1808"]
[Annotator "NA"]
[PlyCount "44"]
[EventDate "2019.12.27"]
[EventType "team-tourn"]
[EventRounds "7"]
[EventCountry "GER"]
[SourceTitle "playchess.com"]
[Source "ChessBase"]
[SourceQuality "1"]
[WhiteTeam "SF Brackel"]
[BlackTeam "SV Empor Berlin"]
[WhiteTeamCountry "GER"]
[BlackTeamCountry "GER"]
[TimeControl "40/5400+30:1800+30"]

1. e4 e6 2. d4 d5 3. Nd2 Nf6 4. e5 Nfd7 5. f4 c5 6. c3 Nc6 7. Ndf3 Qb6 8. g3 cxd4 9. cxd4 Bb4+ 10. Kf2 f6 11. Kg2 O-O 12. Bd3 Qc7 13. Be3 Nb6 14. Rc1 a5 15. h4 Nc4 16. Bxc4 dxc4 17. Rxc4 b5 18. Rc2 fxe5 19. Nxe5 Bb7 20. d5 exd5 21. Qxd5+ Kh8 22. Rxc6 {[%emt 0:04:07] normal} Rac8 {[%emt 0:02:38] normal} 1-0

[Event "DVM U12 2019"]
[Site "Magedburg"]
[Date "2019.12.29"]
[Round "5"]
[White "Fuhrmann, Bahne"]
[Black "von Mettenheim, Johannes"]
[Result "0-1"]
[ECO "B12"]
[WhiteElo "1603"]
[BlackElo "1971"]
[Annotator "NA"]
[PlyCount "43"]
[EventDate "2019.12.27"]
[EventType "team-tourn"]
[EventRounds "7"]
[EventCountry "GER"]
[SourceTitle "playchess.com"]
[Source "ChessBase"]
[SourceQuality "1"]
[WhiteTeam "Hamburger SK"]
[BlackTeam "Schachzentrum Bemerode"]
[WhiteTeamCountry "GER"]
[BlackTeamCountry "GER"]
[TimeControl "40/5400+30:1800+30"]

1. e4 c6 2. d4 d5 3. e5 c5 4. dxc5 Nc6 5. a3 Nxe5 6. b4 Nf6 7. Bb2 Ned7 8. c4 dxc4 9. Bxc4 Qc7 10. Nf3 b6 11. Qb3 e6 12. Bxe6 fxe6 13. Qxe6+ Be7 14. Ng5 Rf8 15. Qe2 Qc6 16. O-O Bb7 17. f3 Nxc5 18. Re1 O-O-O 19. bxc5 Qxc5+ 20. Kf1 Qxg5 21. Qxe7 Ba6+ {[%emt 0:04:30] normal} 22. Kf2 {[%emt 0:04:01] normal} 0-1

[Event "DVM U12 2019"]
[Site "Magedburg"]
[Date "2019.12.29"]
[Round "5"]
[White "Rehbein, Vitus"]
[Black "Krüger, Arthur"]
[Result "1/2-1/2"]
[ECO "C11"]
[WhiteElo "1547"]
[BlackElo "1693"]
[Annotator "NA"]
[PlyCount "54"]
[EventDate "2019.12.27"]
[EventType "team-tourn"]
[EventRounds "7"]
[EventCountry "GER"]
[SourceTitle "playchess.com"]
[Source "ChessBase"]
[SourceQuality "1"]
[WhiteTeam "Schachzentrum Bemerode"]
[BlackTeam "Hamburger SK"]
[WhiteTeamCountry "GER"]
[TimeControl "40/5400+30:1800+30"]

1. e4 e6 2. d4 d5 3. Nc3 Nf6 4. e5 Nfd7 5. Be3 a6 6. Qg4 h5 7. Qg3 h4 8. Qg4 g6 9. Bd3 Rg8 10. Nf3 Be7 11. Ng5 Nf8 12. Qxh4 c5 13. f4 Qb6 14. dxc5 Qxb2 15. Kd2 Qa3 16. Rab1 Bxc5 17. Bxc5 Qxc5 18. Nh7 Nbd7 19. Nxf8 Nxf8 20. Rhf1 b6 21. Qf2 Qxf2+ 22. Rxf2 Nd7 23. Ne2 Rh8 24. g3 b5 25. c3 Nc5 26. Nd4 Bb7 27. Rd1 Ke7 {[%emt 0:02:52] normal} 1/2-1/2

[Event "DVM U12 2019"]
[Site "Magedburg"]
[Date "2019.12.29"]
[Round "5"]
[White "Malchereck, Zion"]
[Black "Struebel, Tobias"]
[Result "1-0"]
[ECO "C01"]
[WhiteElo "1543"]
[BlackElo "1379"]
[Annotator "NA"]
[PlyCount "111"]
[EventDate "2019.12.27"]
[EventType "team-tourn"]
[EventRounds "7"]
[EventCountry "GER"]
[SourceTitle "playchess.com"]
[Source "ChessBase"]
[SourceQuality "1"]
[WhiteTeam "Hamburger SK"]
[BlackTeam "Schachzentrum Bemerode"]
[WhiteTeamCountry "GER"]
[BlackTeamCountry "GER"]
[TimeControl "40/5400+30:1800+30"]

1. e4 e6 2. d4 d5 3. exd5 exd5 4. Nf3 Nf6 5. Bd3 Bg4 6. Be3 Nc6 7. c3 Be7 8. Nbd2 O-O 9. h3 Bh5 10. O-O Qd7 11. Qc2 Bg6 12. Bxg6 fxg6 13. Rfe1 Rae8 14. Bf4 Nh5 15. Be5 Bf6 16. Bxf6 Rxe1+ 17. Rxe1 gxf6 18. Nb3 b6 19. c4 Nb4 20. Qd2 dxc4 21. Qxb4 cxb3 22. Qxb3+ Qf7 23. Qa3 a5 24. Re7 Qc4 25. Qc3 Qxa2 26. Qxc7 Qxb2 27. g4 Qb1+ 28. Kg2 Nf4+ 29. Qxf4 a4 30. Qc7 g5 31. Qc4+ Kh8 32. Qxa4 b5 33. Rb7 Qe4 34. Qxb5 h5 35. Qd7 Qg6 36. Qf5 Qh6 37. d5 hxg4 38. hxg4 Ra8 39. Rf7 Rd8 40. Qxf6+ Qxf6 41. Rxf6 Rxd5 42. Rg6 Rc5 43. Rxg5 Rc4 44. Kg3 Kh7 45. Re5 Kg6 46. Nh4+ Kf6 47. f4 Rc3+ 48. Nf3 Rc1 49. f5 Rc3 50. Re6+ Kf7 51. Kf4 Rc8 52. Ne5+ Kg7 53. Kg5 Kg8 54. Nd7 Rd8 55. Rg6+ {[%emt 0:00:24] normal} Kh8 56. Nf6 {normal} 1-0

[Event "DVM U12 2019"]
[Site "Magedburg"]
[Date "2019.12.29"]
[Round "5"]
[White "Freude, Paul"]
[Black "Butusov, Maxim"]
[Result "1-0"]
[ECO "C55"]
[WhiteElo "1491"]
[BlackElo "1222"]
[Annotator "NA"]
[PlyCount "36"]
[EventDate "2019.12.27"]
[EventType "team-tourn"]
[EventRounds "7"]
[EventCountry "GER"]
[SourceTitle "playchess.com"]
[Source "ChessBase"]
[SourceQuality "1"]
[WhiteTeam "SV Empor Berlin"]
[BlackTeam "SF Brackel"]
[WhiteTeamCountry "GER"]
[TimeControl "40/5400+30:1800+30"]

1. e4 e5 2. Nf3 Nc6 3. d4 exd4 4. Bc4 Nf6 5. O-O Bc5 6. e5 d5 7. Bb5 a6 8. Bxc6+ bxc6 9. exf6 Qxf6 10. Re1+ Be6 11. a3 O-O 12. Nbd2 Bg4 13. Rb1 Bxf3 14. Nxf3 Rab8 15. b4 Ba7 16. Bb2 c5 17. bxc5 Bxc5 {[%emt 0:00:08] normal} 18. Qd3 {[%emt 0:04:46] normal} Qb6 {[%emt 0:00:44] normal} 1-0